 Dungeon Crawl Stone Soup version 0.23.1 (webtiles) character file.

Game seed: 1412767784426413358

42505 Yunesin the Severer (level 13, -5/123 HPs)
             Began as a Minotaur Berserker on Mar 14, 2019.
             Was a High Priest of Trog.
             Slain by Polyphemus (19 damage)
             ... on level 2 of the Shoals.
             The game lasted 01:26:13 (15766 turns).

Yunesin the Severer (Minotaur Berserker)           Turns: 15766, Time: 01:26:16

Health: -5/123     AC: 19    Str: 23    XL:     13   Next: 85%
Magic:  4/4        EV: 12    Int:  4    God:    Trog [*****.]
Gold:   513        SH:  0    Dex: 16    Spells: 12/12 levels left

rFire    . . .     SeeInvis .   a - +2 broad axe (antimagic)
rCold    + . .     Gourm    +   (no shield)
rNeg     . . .     Faith    .   J - +0 plate armour
rPois    .         Spirit   .   (helmet restricted)
rElec    .         Reflect  .   x - scarf {cloud immunity}
rCorr    .         Harm     .   E - +1 pair of gloves
MR       +....                  (no boots)
Stlth    ..........             G - amulet of the gourmand
HPRegen  0.30/turn              I - ring of protection from magic
MPRegen  0.09/turn              F - +2 ring of strength

@: berserk cooldown, mesmerised, slowed, very slow
A: retaliatory headbutt, horns 2, talons 1, cold resistance 1
a: Berserk, Trog's Hand, Brothers in Arms, Renounce Religion


You were on level 2 of the Shoals.
You worshipped Trog.
Trog was extremely pleased with you.
You were very full.

You visited 3 branches of the dungeon, and saw 14 of its levels.

You collected 682 gold pieces.
You spent 169 gold pieces at shops.

Inventory:

Hand Weapons
 a - a +2 antimagic broad axe (weapon)
 H - a +3 war axe of chopping
Armour
 v - a +0 chain mail of positive energy
 x - a scarf of cloud immunity (worn)
 E - a +1 pair of gloves (worn)
 J - a +0 plate armour (worn)
Jewellery
 p - an uncursed ring of poison resistance
 F - a +2 ring of strength (right hand)
 G - an amulet of the gourmand (around neck)
 I - a ring of protection from magic (left hand)
Wands
 d - a wand of disintegration (16)
 u - a wand of digging (4)
 w - a wand of clouds (5)
 D - a wand of iceblast (10)
Scrolls
 n - 2 scrolls of identify
 o - a scroll of immolation
 q - 2 scrolls of enchant weapon {unknown}
 r - 10 scrolls of remove curse
 s - 4 scrolls of amnesia
 t - 3 scrolls of fear {unknown}
 y - a scroll of noise {unknown}
 z - 3 scrolls of teleportation
 B - 2 scrolls of enchant armour
Potions
 b - 2 potions of heal wounds
 e - 4 potions of degeneration {unknown}
 f - 4 potions of flight
 g - 3 potions of lignification {unknown}
 h - a potion of might
 i - 3 potions of agility
 j - 2 potions of mutation
 k - a potion of haste {unknown}
 l - a potion of resistance {unknown}
 m - a potion of magic {unknown}
 C - a potion of ambrosia
Comestibles
 c - 41 rations


   Skills:
 + Level 13.8 Fighting
 - Level 18.0 Axes
 + Level 14.3 Armour
 + Level 8.6 Dodging
 - Level 0.1 Stealth


You had 12 spell levels left.
You didn't know any spells.
Your spell library was empty.

Dungeon Overview and Level Annotations

Branches:
Dungeon (9/15)             Temple (0/1) D:6            Lair (3/6) D:9
 Shoals (2/4) Lair:2
  Snake: Lair:2-4    Spider: Lair:2-4       Orc: D:9-12

Altars:
Elyvilon
Fedhas
Kikubaaqudgha
Nemelex Xobeh
Okawaru
Ru
Sif Muna
Uskayaw
Yredelemnul
Zin

Shops:
D:7 (

Annotations:
Shoals:2 Polyphemus


Innate Abilities, Weirdness & Mutations

You reflexively headbutt those who attack you in melee.
You have a pair of horns on your head.
You have sharp toenails.
Your flesh is cold resistant. (rC+)


Message History

You feel better.
The merfolk siren chants its luring song.
The death yak gores you but does no damage.
Your ogre barely misses Polyphemus.
Polyphemus closely misses you. You furiously retaliate!
You headbutt Polyphemus, but do no damage.
Polyphemus hits you!
* * * LOW HITPOINT WARNING * * *
The merfolk siren chants its luring song.
The death yak gores you!
* * * LOW HITPOINT WARNING * * *
You cannot move away from the merfolk siren!
You slash Polyphemus! You claw Polyphemus, but do no damage.
Polyphemus is moderately wounded.
You hit the death yak.
Your ogre hits Polyphemus with a +0 giant club.
Polyphemus hits you.
* * * LOW HITPOINT WARNING * * *
Polyphemus hits you!!
You die...

≈≈≈≈≈≈≈≈...#.≈≈≈≈..#..≈≈
≈≈≈≈≈≈≈..≈≈≈.≈≈≈.###...≈
≈≈≈≈≈≈≈≈≈≈≈≈.≈≈≈.# #..≈≈
≈≈≈≈≈≈≈(.........# #.≈≈≈
≈≈≈≈≈≈≈.####.....# #..≈≈
≈≈≈≈≈≈≈.# #.....# #..≈≈
≈≈≈≈≈≈≈.## #...### .≈≈≈
≈≈≈≈≈≈≈..# #....
≈≈≈≈≈..@## ...#
≈≈≈≈P≈CY##....#
≈≈≈≈P≈O††.Y...#
≈≈≈PPP≈≈m..≈≈...
≈≈≈≈≈≈P≈≈≈≈≈≈...
≈≈≈≈PP≈≈≈≈≈≈≈≈..
≈≈≈≈≈≈....≈≈≈≈≈≈
≈≈≈≈≈≈.###.≈≈≈≈P ≈≈≈≈≈P.
.≈≈≈≈≈


You could see Polyphemus, a death yak, a merfolk siren and a friendly ogre
(berserk).

Vanquished Creatures
  Gastronok (Lair:1)
  4 merfolk impalers
  A hydra (Lair:2)
  A catoblepas (Shoals:2)
  An alligator snapping turtle (Shoals:1)
  2 death yaks (Shoals:2)
  4 sea snakes
  Pikel (D:4)
  4 manticores
  2 oklob plants
  13 harpies
  2 fauns (Shoals:2)
  A merfolk siren (Shoals:2)
  10 elephants
  3 water nymphs
  A black mamba (Lair:2)
  A torpor snail (Lair:2)
  3 spiny frogs
  2 rime drakes
  A komodo dragon (Lair:1)
  A troll (D:9)
  11 merfolk
  3 wind drakes
  3 hippogriffs
  5 snapping turtles
  3 water elementals
  14 yaks
  A human (D:7)
  4 hogs (D:7)
  Grum (Lair:1)
  7 porcupines
  Duvessa (D:5)
  An orc warrior (D:8)
  A sky beast (D:5)
  A black bear (D:6)
  An ice beast (D:6)
  5 ogres
  A necrophage (D:8)
  19 wolves
  2 centaurs
  A crocodile (Lair:3)
  A big kobold (D:8)
  Blork the orc (D:5)
  6 bullfrogs
  Dowan (D:5)
  3 scorpions
  4 wights (D:7)
  A bullfrog zombie (D:7)
  5 crimson imps
  6 orc priests
  9 orc wizards
  A bullfrog skeleton (D:6)
  7 hounds
  2 centaur skeletons
  Ijyb (D:4)
  2 iguanas (D:6)
  9 worker ants
  2 hound zombies
  A howler monkey skeleton (D:5)
  8 adders
  2 shadow imps (D:6)
  An adder skeleton (D:7)
  6 worms
  5 dart slugs
  3 leopard geckos
  32 orcs
  2 ball pythons
  13 bats
  A bat zombie (D:8)
  7 giant cockroaches
  12 goblins
  9 hobgoblins
  15 jackals
  14 kobolds
  2 quokkas
  4 frilled lizards
  A leopard gecko zombie (D:5)
  A quokka zombie (D:5)
  10 rats
  A rat zombie (D:8)
  6 plants
361 creatures vanquished.

Vanquished Creatures (collateral kills)
  Aizul (Shoals:1)
  2 hydras (Lair:3)
  A merfolk avatar (Shoals:2)
  2 fauns (Shoals:2)
  A manticore (Shoals:2)
  A komodo dragon (Lair:3)
  A merfolk (Shoals:1)
  6 wolves (Lair:3)
15 creatures vanquished.

Vanquished Creatures (others)
  A fungus (Lair:3)
1 creature vanquished.

Grand Total: 377 creatures vanquished

Notes
Turn   | Place    | Note
-------+----------+-------------------------------------------
     0 | D:1      | Yunesin the Minotaur Berserker began the quest for the Orb.
     0 | D:1      | Reached XP level 1. HP: 19/19 MP: 0/0
   348 | D:1      | Reached XP level 2. HP: 27/27 MP: 1/1
   445 | D:1      | Reached skill level 4 in Axes
   640 | D:1      | Reached ** piety under Trog
   887 | D:2      | Reached XP level 3. HP: 33/34 MP: 2/2
  1362 | D:3      | Reached XP level 4. HP: 35/41 MP: 3/3
  1364 | D:3      | Reached skill level 5 in Axes
  1588 | D:3      | Reached XP level 5. HP: 45/47 MP: 1/4
  1674 | D:3      | Reached *** piety under Trog
  1707 | D:3      | Reached skill level 5 in Fighting
  1927 | D:3      | Found a glowing silver altar of Zin.
  1928 | D:3      | Found a hide-covered altar of Uskayaw.
  1980 | D:3      | Reached XP level 6. HP: 56/56 MP: 5/5
  2176 | D:4      | Reached skill level 6 in Axes
  2338 | D:4      | Reached XP level 7. HP: 59/62 MP: 6/6
  2367 | D:4      | Noticed Ijyb
  2394 | D:4      | Killed Ijyb
  2644 | D:4      | Reached skill level 7 in Axes
  2662 | D:4      | Reached **** piety under Trog
  2791 | D:4      | Found a sacrificial altar of Ru.
  2852 | D:4      | Reached skill level 5 in Armour
  2864 | D:4      | Noticed Pikel
  2876 | D:4      | Killed Pikel
  2876 | D:4      | Reached skill level 9 in Axes
  2876 | D:4      | Reached XP level 8. HP: 56/71 MP: 7/7
  3406 | D:5      | Entered Level 5 of the Dungeon
  3406 | D:5      | Noticed Blork the orc
  3410 | D:5      | Killed Blork the orc
  3454 | D:5      | Noticed Dowan
  3455 | D:5      | Noticed Duvessa
  3470 | D:5      | Killed Duvessa
  3484 | D:5      | Killed Dowan
  3541 | D:5      | Reached skill level 10 in Axes
  3587 | D:5      | Found a blossoming altar of Fedhas.
  4235 | D:5      | Gained mutation: You have sharp toenails. [potion of
                  | mutation]
  4235 | D:5      | Gained mutation: Your flesh is cold resistant. (rC+)
                  | [potion of mutation]
  4249 | D:6      | Reached XP level 9. HP: 76/79 MP: 8/8
  4347 | D:6      | Reached skill level 11 in Axes
  4513 | D:6      | Reached ***** piety under Trog
  4683 | D:6      | Found an iron altar of Okawaru.
  4691 | D:6      | Found a staircase to the Ecumenical Temple.
  5017 | D:6      | Found a sparkling altar of Nemelex Xobeh.
  5157 | D:7      | Found a deep blue altar of Sif Muna.
  5412 | D:7      | Found a white marble altar of Elyvilon.
  5422 | D:7      | Reached skill level 12 in Axes
  5754 | D:7      | Found Fogg's Antique Weapon Shoppe.
  5762 | D:7      | Bought a runed war axe for 169 gold pieces
  6198 | D:7      | Reached skill level 13 in Axes
  6379 | D:8      | Reached XP level 10. HP: 88/88 MP: 9/9
  6405 | D:8      | Found an ancient bone altar of Kikubaaqudgha.
  7264 | D:9      | Found a staircase to the Lair.
  7267 | Lair:1   | Entered Level 1 of the Lair of Beasts
  7374 | Lair:1   | Found an iron altar of Okawaru.
  7374 | Lair:1   | Noticed an oklob plant
  7385 | Lair:1   | Killed an oklob plant
  7401 | Lair:1   | Reached skill level 14 in Axes
  7430 | Lair:1   | Noticed Grum
  7451 | Lair:1   | Killed Grum
  7755 | Lair:1   | Reached skill level 5 in Dodging
  7798 | Lair:1   | Noticed a spiny frog
  7804 | Lair:1   | Killed a spiny frog
  8011 | Lair:1   | Noticed Gastronok
  8047 | Lair:1   | Killed Gastronok
  8047 | Lair:1   | Received a gift from Trog
  8047 | Lair:1   | Reached skill level 15 in Axes
  8047 | Lair:1   | Reached skill level 10 in Armour
  8047 | Lair:1   | Reached XP level 11. HP: 65/95 MP: 10/10
  8582 | Lair:2   | Noticed a seven-headed hydra
  8596 | Lair:2   | Killed a ten-headed hydra
  9418 | Lair:2   | Reached skill level 16 in Axes
  9690 | Lair:2   | You fall through a shaft!
  9696 | Lair:3   | Reached skill level 10 in Fighting
  9714 | Lair:3   | Noticed a seven-headed hydra
  9720 | Lair:3   | Killed a seven-headed hydra
  9754 | Lair:3   | Reached XP level 12. HP: 46/108 MP: 3/11
  9768 | Lair:3   | Found a basalt altar of Yredelemnul.
  9774 | Lair:3   | Noticed a six-headed hydra
  9792 | Lair:3   | Killed a six-headed hydra
 11156 | Lair:2   | Found a staircase to the Shoals.
 11169 | Shoals:1 | Entered Level 1 of the Shoals
 11483 | Shoals:1 | Noticed an alligator snapping turtle
 11503 | Shoals:1 | Killed an alligator snapping turtle
 11941 | Shoals:1 | Reached XP level 13. HP: 87/119 MP: 4/12
 12040 | Shoals:1 | Noticed a merfolk impaler
 12505 | Shoals:1 | Reached skill level 17 in Axes
 12673 | Shoals:1 | Noticed a merfolk impaler
 12683 | Shoals:1 | Killed a merfolk impaler
 12992 | Shoals:1 | Noticed Aizul
 12993 | Shoals:1 | Killed a merfolk impaler
 13006 | Shoals:1 | HP: 4/119 [poisoned by Aizul (poison arrow)]
 13006 | Shoals:1 | Killed Aizul
 13886 | Shoals:2 | Noticed a merfolk impaler
 14811 | Shoals:2 | Killed a merfolk impaler
 15269 | Shoals:2 | Received a gift from Trog
 15536 | Shoals:2 | Noticed a merfolk impaler
 15549 | Shoals:2 | Killed a merfolk impaler
 15634 | Shoals:2 | Reached skill level 18 in Axes
 15749 | Shoals:2 | Noticed Polyphemus
 15766 | Shoals:2 | Slain by Polyphemus

Skill      XL: |  1  2  3  4  5  6  7  8  9 10 11 12 13 |
---------------+----------------------------------------+-----
Fighting       | 4 5 6 7 8 10 12 13 | 13.8
Axes           | 4 5 6 9 10 13 15 16 18 | 18.0
Armour         | 3 4 5 6 7 10 11 13 14 | 14.3
Dodging        | 3 4 5 6 8 |  8.6
Stealth        | |  0.1

Action                   |  1- 3 |  4- 6 |  7- 9 | 10-12 | 13-15 || total
-------------------------+-------+-------+-------+-------+-------++-------
Melee: Hand axe          |   106 |   125 |   224 |       |       ||   455
       Headbutt          |    19 |    31 |    68 |    77 |    47 ||   242
       Kick              |       |       |    43 |   158 |    65 ||   266
       War axe           |       |       |   107 |   115 |       ||   222
       Broad axe         |       |       |       |   208 |   159 ||   367
Invok: Berserk           |       |     2 |     4 |    13 |     8 ||    27
       Brothers in Arms  |       |       |       |     2 |     4 ||     6
Evoke: Wand              |       |       |       |     5 |       ||     5
  Use: Scroll            |       |     5 |     3 |     5 |     2 ||    15
       Potion            |       |     1 |     2 |     7 |     4 ||    14
  Eat: Chunk             |     1 |     5 |    30 |    30 |    20 ||    86
Armor: Animal skin       |    10 |       |       |       |       ||    10
       Ring mail         |    26 |     2 |       |       |       ||    28
       Chain mail        |       |    57 |   129 |   155 |    49 ||   390
       Plate armour      |       |       |       |       |    12 ||    12
Dodge: Dodged            |    64 |    63 |   111 |   159 |    93 ||   490
